 Dungeon Crawl Stone Soup version 0.30-a0-696-g2367cd04db (webtiles) character file.

Game seed: 7616693912106351715

104 holysushi the Cutter (level 4, -4/23 HPs)
             Began as a Vine Stalker Monk on Jan 21, 2023.
             Slain by Terence
             ... wielding a +0 flail
              (5 damage)
             ... on level 2 of the Dungeon.
             The game lasted 00:02:38 (1291 turns).

holysushi the Cutter (Vine Stalker Monk)            Turns: 1291, Time: 00:02:39

Health: -4/23      AC:  4    Str: 14    XL:     4   Next: 80%
Magic:  0/10       EV: 13    Int: 10    God:
Gold:   103        SH:  0    Dex: 18    Spells: 9/9 levels left

rFire   . . .      SeeInvis .    m - +2 dagger (holy)
rCold   . . .      Faith    .    (no shield)
rNeg    . . .      Spirit   +    b - +0 robe
rPois   .          Reflect  .    n - +0 helmet
rElec   .          Harm     .    (no cloak)
rCorr   .          Rampage  .    (no gloves)
Will    .....                    k - +0 pair of boots
Stlth   ++                       (no amulet)
HPRegen 1.03/turn                (no ring)
MPRegen 0.12/turn                (no ring)

@: no status effects
A: fangs 2, regeneration 1, magic shield, antimagic bite, no potion heal 2
a: no special abilities


You were on level 2 of the Dungeon.
You visited 1 branch of the dungeon, and saw 2 of its levels.

You collected 103 gold pieces.

Inventory:

Hand Weapons
 a - a +0 short sword
 m - a +2 dagger of holy wrath (weapon)
Armour
 b - a +0 robe (worn)
 k - a +0 pair of boots (worn)
 n - a +0 helmet (worn)
Scrolls
 g - a scroll of fear {unknown}
 i - a scroll of amnesia {unknown}
 j - 3 scrolls of identify {unknown}
 l - a scroll of enchant armour {unknown}
 q - a scroll of torment {unknown}
 r - a scroll of poison {unknown}
 s - a scroll of vulnerability {unknown}
Potions
 c - a potion of ambrosia
 d - 3 potions of mutation {unknown}
 e - 2 potions of curing {unknown}
 f - a potion of invisibility {unknown}
 h - a potion of heal wounds {unknown}
 o - a potion of might {unknown}
 p - a potion of cancellation {unknown}


   Skills:
 - Level 2.6 Fighting
 + Level 3.5 Short Blades
 - Level 2.4 Dodging
 - Level 2.4 Stealth
 - Level 3.4 Spellcasting


You had 9 spell levels left.
You didn't know any spells.
Your spell library contained the following spells:

 Spells                   Type           Power      Damage    Failure   Level
 Shock                    Conj/Air       4%         1d3       26%         1
 Swiftness                Air            1%         N/A       63%         3
 Airstrike                Air            0%         2d(1-17)  95%         4


Dungeon Overview and Level Annotations

Branches:
Dungeon (2/15) Zot: 10739

Altars:

Annotations:
D:2 Terence


Innate Abilities, Weirdness & Mutations

You have extremely sharp teeth.
Your natural rate of healing is unusually fast.
When hurt, damage is shared between your health and your magic reserves.
Your bite disrupts and absorbs the magic of your enemies.
Potions cannot restore your health.


Message History

You hit Terence but do no damage. Your bite misses Terence.
Terence is moderately wounded.
Terence hits you but does no damage.
You hit Terence but do no damage. You bite Terence, but do no damage.
Terence is moderately wounded.
Terence closely misses you.
You hit Terence but do no damage.
Terence is moderately wounded.
You hit Terence.
Terence is moderately wounded.
Terence hits you with a +0 flail!
You hit Terence.
Terence is severely wounded.
Terence hits you with a +0 flail!
You hit Terence but do no damage.
Terence is severely wounded.
Terence says, "Time to say good-bye..."
Terence hits you with a +0 flail!
* * * LOW HITPOINT WARNING * * *
You closely miss Terence.
Terence is heavily wounded.
Terence closely misses you.
You hit Terence.
Terence is severely wounded.
You hit Terence but do no damage.
Terence is severely wounded.
Terence hits you with a +0 flail.
* * * LOW HITPOINT WARNING * * *
You hit Terence but do no damage. You bite Terence, but do no damage.
Terence is severely wounded.
Terence says, "Did you write a will?
You should..."
Terence barely misses you.
You hit Terence but do no damage.
Terence is severely wounded.
Terence hits you with a +0 flail!
* * * LOW HITPOINT WARNING * * *
You hit Terence but do no damage.
Terence is severely wounded.
Terence hits you with a +0 flail.
You die...

#####........ #.. ...#.#######
##.## #.#S# #...# ###...#####
.# #...# #.........# .. #...#
#.........# ##.########...#
#.........#
#....[........#####...†.....#
#.............@@...........##
#.............##............##
#.............#..............#
###########...#..............#
##.##..........†...#
#.##..............#
#.##..............#
#.###............##
##############.#
##..........##


You could see Terence.

Vanquished Creatures
  Robin (D:2)
  5 adders (D:2)
  A dart slug (D:1)
  2 bats (D:1)
  3 endoplasms
  2 giant cockroaches
  9 goblins
  5 hobgoblins
  2 jackals (D:1)
  4 quokkas
  3 ball pythons (D:1)
  2 frilled lizards
  2 kobolds (D:1)
  3 rats (D:1)
44 creatures vanquished.

Notes
Turn   | Place    | Note
-------+----------+-------------------------------------------
     0 | D:1      | holysushi the Vine Stalker Monk began the quest for the
                  | Orb.
     0 | D:1      | Reached XP level 1. HP: 11/11 MP: 2/2
   160 | D:1      | Reached XP level 2. HP: 6/16 MP: 1/3
   544 | D:1      | Reached skill level 1 in Spellcasting
   706 | D:1      | Reached XP level 3. HP: 18/19 MP: 3/6
   762 | D:2      | Noticed Robin
   923 | D:2      | Gained mutation: Your natural rate of healing is unusually
                  | fast. [Vine Stalker growth]
   923 | D:2      | Reached XP level 4. HP: 22/23 MP: 6/9
  1035 | D:2      | Killed Robin
  1182 | D:2      | Identified the +0 robe "Ratzesumm" {Fly Will- rCorr Str+3}
  1233 | D:2      | Noticed Terence
  1290 | D:2      | HP: 1/23 [Terence/+0 flail (6)]
  1291 | D:2      | Slain by Terence

Illustrated notes

Levels and vault maps discovered:
D:1:      dpeg_arrival_three_same_balls, layout_rooms, minivault_23
D:2:      layout_rooms, serial_shops, shop, serial_park_tiny_pond, uniq_robin,
          uniq_terence

Skill      XL: |  1  2  3  4 |
---------------+-------------+-----
Short Blades   | 3 |  3.5
Spellcasting   | 1 2 3 |  3.4
Fighting       | |  2.6
Dodging        | |  2.4
Stealth        | |  2.4

Action                   |  1- 3 |  4- 6 || total
-------------------------+-------+-------++-------
Melee: Short sword       |   107 |    18 ||   125
       Bite              |    26 |    15 ||    41
       Dagger            |       |    49 ||    49
 Stab: Sleeping          |       |     2 ||     2
Armor: Robe              |    16 |    11 ||    27
Dodge: Dodged            |    72 |    31 ||   103

Table legend: (Time is in decaauts)
 A = Elapsed time spent in this place.
 B = Non-inter-level travel time spent in this place.
 C = Inter-level travel time spent in this place.
 D = Time resting spent in this place.
 E = Time spent auto-exploring this place.
 F = Levels seen in this place.
 G = Mean time per level.
                   A        B        C        D        E       F      G
               +--------+--------+--------+--------+--------+-----+--------+
         Total |   1259 |   1195 |     64 |    148 |    613 |   2 |  629.5 |
       Dungeon |   1259 |   1195 |     64 |    148 |    613 |   2 |  629.5 |
               +--------+--------+--------+--------+--------+-----+--------+

Top non-repeatable levels by time:
     D:1: 859 daAuts
     D:2: 400 daAuts
